 Dungeon Crawl Stone Soup version 0.29-a0-1047-g7c58e119a4 (webtiles) character file.

Game seed: 2491036291685991014

1425 ytrimaz the Martial Artist (level 8, 0/54 HPs)
             Began as a Demonspawn Transmuter on Aug 16, 2022.
             Slain by an adder (1 damage)
             ... on level 6 of the Dungeon.
             The game lasted 00:04:38 (6945 turns).

ytrimaz the Martial Artist (Demonspawn Transmuter)  Turns: 6945, Time: 00:04:38

Health: 0/54       AC:  2    Str: 11    XL:     8   Next: 44%
Magic:  12/20      EV: 15    Int: 17    God:
Gold:   355        SH:  0    Dex: 19    Spells: 1/11 levels left

rFire   . . .      SeeInvis .     - Unarmed
rCold   . . .      Faith    .   (no shield)
rNeg    . . .      Spirit   .   a - +0 robe
rPois   .          Reflect  .   (helmet currently unavailable)
rElec   .          Harm     .   (no cloak)
rCorr   .          Rampage  .   (no gloves)
Will    .....                   (boots currently unavailable)
Stlth   ++........              (no amulet)
HPRegen 0.18/turn               n - ring of magical power
MPRegen 0.17/turn               m - +6 ring of dexterity

@: about to teleport, appendages (expiring), wereblooded, very slightly
contaminated
A: talons 2, hooves 1, horns 1, powered by pain 1, demonic magic 2
a: End Transformation


You were on level 6 of the Dungeon.
You had temporarily grown beastly talons.
You visited 1 branch of the dungeon, and saw 6 of its levels.

You collected 355 gold pieces.

Inventory:

Armour
 a - a +0 robe (worn)
Jewellery
 m - a +6 ring of dexterity (right hand)
 n - a ring of magical power (left hand)
Wands
 h - a wand of iceblast (7)
Scrolls
 f - a scroll of butterflies
Potions
 b - 3 potions of curing
 c - 3 potions of brilliance
 d - a potion of invisibility {unknown}
 e - a potion of might {unknown}
 g - 2 potions of resistance {unknown}
 i - 2 potions of attraction {unknown}
 j - a potion of ambrosia {unknown}
 l - 2 potions of heal wounds {unknown}


   Skills:
 - Level 1.0 Fighting
 * Level 5.8 Dodging
 + Level 8.2 Unarmed Combat
 - Level 2.0 Spellcasting
 - Level 1.7 Transmutations


You had one spell level left.
You knew the following spells:

 Your Spells              Type           Power      Damage    Failure   Level
a - Beastly Appendage     Tmut           14%        N/A       10%         1
b - Wereblood             Tmut           7%         N/A       14%         2
c - Spider Form           Tmut/Pois      4%         N/A       38%         3
d - Ice Form              Ice/Tmut       4%         N/A       80%         4

Your spell library contained the following spells:

 Spells                   Type           Power      Damage    Failure   Level
 Anguish                  Hex/Necr       0%         N/A       88%         4
 Conjure Ball Lightning   Conj/Air       0%         3x3d6     100%        6
 Enfeeble                 Hex            0%         N/A       100%        7
 Discord                  Hex            0%         N/A       100%        8
 Disjunction              Tloc           0%         N/A       100%        8


Dungeon Overview and Level Annotations

Branches:
Dungeon (6/15)             Temple (0/1) D:5

Altars:
Sif Muna
Vehumet

Annotations:
D:5 3 runed translucent doors, Zeldest's ghost, novice MeVM


Innate Abilities, Weirdness & Mutations

You have temporarily grown beastly talons.
You have large cloven feet.
You have a pair of small horns on your head.
You sometimes gain a little power by taking damage.
Spells you cast may paralyse nearby enemies.


Message History

The adder bites you. The gnoll misses you.
The howler monkey completely misses you.
The adder completely misses you.
Casting: Beastly Appendage (safe; 10% risk of failure)
Confirm with . or Enter, or press ? or * to list all spells.
Your blood is infused with primal strength.
Malevolent energies surge around you.
The adder suddenly stops moving!
The gnoll shouts!
An orc comes into view. It is wielding a +0 trident.
The gnoll hits you with a +0 spear. The howler monkey barely misses you.
Casting: Wereblood (safe; 14% risk of failure)
Confirm with . or Enter, or press ? or * to list all spells.
You miscast Spider Form.
You are very lightly contaminated with residual magic.
Nothing appears to happen.
The gnoll barely misses you. The howler monkey hits you.
Unknown command.
You closely miss the gnoll. Your kick misses the gnoll.
The howler monkey misses you. The gnoll hits you with a +0 spear!
Casting: Spider Form (dangerous; 38% risk of failure)
Confirm with . or Enter, or press ? or * to list all spells.
You miscast Spider Form.
Nothing appears to happen.
The howler monkey misses you.
A kobold brigand comes into view.
It is wielding a +0 dagger and quivering poisoned darts.
The gnoll hits you with a +0 spear!
* * * LOW HITPOINT WARNING * * *
Unknown command.
Okay, then.
As you read the scroll of teleportation, it crumbles to dust.
You feel strangely unstable.
The adder is no longer paralysed.
The adder barely misses you. The howler monkey hits you.
* * * LOW HITPOINT WARNING * * *
The gnoll misses you.
A gnoll comes into view. It is wielding a +0 spear.
The adder closely misses you.
The howler monkey attacks as you move away!
The howler monkey hits you!
* * * LOW HITPOINT WARNING * * *
The adder attacks as you move away! The adder bites you.
You die...

#### .# ###+##..####.#
#............#
#............#
#............# ##+#
#...##.......#
###...##...##..##...#
.........<.##..##...#
........†..h@..##...##+####
...........S.gg....<.......
..........o................
...................g.......
###..###.####.###..K###..##
#+# #.# #+# ###'# ### ...
....


You could see a kobold brigand (wandering), a howler monkey, 3 gnolls, an adder
and an orc.

Vanquished Creatures
  3 yaks (D:5)
  An ice beast (D:6)
  2 ogres
  A phantom (D:5)
  A necrophage (D:5)
  3 scorpions
  2 howler monkeys
  2 hounds (D:5)
  3 jellies
  2 iguanas (D:5)
  Jessica (D:2)
  Natasha (twice) (D:2)
  An adder (D:3)
  A shadow imp (D:6)
  2 white imps (D:5)
  An ufetubus (D:4)
  A worm (D:3)
  2 dart slugs (D:1)
  4 orcs
  3 ball pythons
  4 bats
  An endoplasm (D:4)
  4 giant cockroaches
  2 goblins (D:1)
  6 hobgoblins
  4 kobolds
  6 quokkas
  5 frilled lizards
  6 rats
  A spectral goblin (D:3)
77 creatures vanquished.

Notes
Turn   | Place    | Note
-------+----------+-------------------------------------------
     0 | D:1      | ytrimaz the Demonspawn Transmuter began the quest for the
                  | Orb.
     0 | D:1      | Reached XP level 1. HP: 15/15 MP: 3/3
   156 | D:1      | Reached skill level 3 in Unarmed Combat
   248 | D:1      | Gained mutation: Spells you cast may paralyse adjacent
                  | enemies. [demonic ancestry]
   248 | D:1      | Reached XP level 2. HP: 2/21 MP: 5/5
   951 | D:2      | Found a radiant altar of Vehumet.
  1259 | D:2      | Noticed Jessica
  1270 | D:2      | Killed Jessica
  1271 | D:2      | Discovered your monstrous ancestry.
  1271 | D:2      | Mutation became permanent: You have a pair of small horns
                  | on your head. [demonic ancestry]
  1271 | D:2      | Gained mutation: You have a pair of horns on your head.
                  | [demonic ancestry]
  1271 | D:2      | Reached XP level 3. HP: 23/26 MP: 3/6
  1427 | D:2      | Identified the +10 whip of Exquisite Torment {protect, rC+
                  | Will+ Stlth+}
  1749 | D:2      | Noticed Natasha
  1760 | D:2      | Killed Natasha
  1761 | D:2      | Reached skill level 4 in Unarmed Combat
  1761 | D:2      | Lost mutation: You have razor-sharp toenails. [demonic
                  | ancestry]
  1761 | D:2      | Lost mutation: You have sharp toenails. [demonic ancestry]
  1761 | D:2      | Gained mutation: You have large cloven feet. [demonic
                  | ancestry]
  1761 | D:2      | Reached XP level 4. HP: 5/32 MP: 5/7
  2095 | D:2      | Noticed Natasha
  2102 | D:2      | Killed Natasha
  2610 | D:3      | Found a faded altar of an unknown god.
  3589 | D:4      | Reached XP level 5. HP: 31/37 MP: 8/8
  3642 | D:4      | Found a shimmering blue altar of Sif Muna.
  4154 | D:4      | Noticed an ogre
  4165 | D:4      | Killed an ogre
  4166 | D:4      | Reached skill level 5 in Unarmed Combat
  4790 | D:4      | Gained mutation: You sometimes gain a little power by
                  | taking damage. [demonic ancestry]
  4790 | D:4      | Reached XP level 6. HP: 43/43 MP: 9/9
  5084 | D:5      | Entered Level 5 of the Dungeon
  5336 | D:5      | Reached skill level 6 in Unarmed Combat
  5336 | D:5      | Gained mutation: Spells you cast may paralyse nearby
                  | enemies. [demonic ancestry]
  5336 | D:5      | Reached XP level 7. HP: 25/48 MP: 10/10
  5813 | D:5      | Noticed a yak
  5814 | D:5      | Noticed a yak
  5815 | D:5      | Noticed a yak
  6002 | D:5      | Learned a level 2 spell: Wereblood
  6006 | D:5      | Learned a level 3 spell: Spider Form
  6011 | D:5      | Learned a level 4 spell: Ice Form
  6105 | D:5      | Found a staircase to the Ecumenical Temple.
  6316 | D:5      | Reached skill level 5 in Dodging
  6449 | D:5      | Killed a yak
  6450 | D:5      | Reached skill level 7 in Unarmed Combat
  6459 | D:5      | Killed a yak
  6460 | D:5      | Reached XP level 8. HP: 40/54 MP: 11/11
  6601 | D:5      | Found a runed translucent gate.
  6601 | D:5      | Identified the +9 dagger of Fimbulwinter {vorpal, Dex+4}
  6601 | D:5      | Identified the +1 ring mail of Dramatic Exits {Str+3}
  6601 | D:5      | Noticed Zeldest's ghost (novice MeVM)
  6602 | D:5      | Found a runed translucent gate.
  6603 | D:5      | Found a runed translucent gate.
  6813 | D:6      | Reached skill level 8 in Unarmed Combat
  6945 | D:6      | HP: 1/54 [howler monkey (7)]
  6945 | D:6      | Slain by an adder

Illustrated notes

Levels and vault maps discovered:
D:1:      dpeg_arrival_connections, layout_basic
D:2:      layout_basic, basic_altar, uniq_jessica, uniq_natasha
D:3:      layout_basic, serial_rivers, chequers_serial_rivers_micro_c,
          chequers_serial_rivers_small_3, chequers_serial_rivers_small_a,
          chequers_serial_rivers_small_3, chequers_serial_rivers_small_b,
          chequers_serial_rivers_room_b,
          dreamdust_ecumenical_altar_drowned_temple, corner_web_ring
D:4:      layout_basic, jmf_multi_god_temple
D:5:      layout_basic, minmay_temple_entry_nine_rooms,
          biasface_ghost_orc_armoury
D:6:      layout_gridville, minmay_bent

Skill      XL: |  1  2  3  4  5  6  7  8 |
---------------+-------------------------+-----
Dodging        | 2 3 4 5 |  5.8
Unarmed Combat | 3 4 5 6 7 8 |  8.2
Fighting       | |  1.0
Spellcasting   | |  2.0
Transmutations | |  1.7

Action                   |  1- 3 |  4- 6 |  7- 9 || total
-------------------------+-------+-------+-------++-------
Melee: Unarmed           |    86 |   125 |    74 ||   285
       Headbutt          |    13 |    19 |    13 ||    45
       Kick              |     8 |    38 |    21 ||    67
       Punch             |     1 |     1 |     1 ||     3
 Cast: Beastly Appendage |    19 |    21 |    11 ||    51
       Spider Form       |       |       |     3 ||     3
       Wereblood         |       |       |     1 ||     1
  Use: Scroll            |     3 |     4 |     3 ||    10
       Potion            |     1 |       |       ||     1
 Stab: Paralysed         |     2 |     6 |     3 ||    11
       Sleeping          |       |     2 |       ||     2
Armor: Robe              |    20 |    17 |     6 ||    43
       Skin              |     3 |       |       ||     3
Dodge: Dodged            |    50 |    65 |    54 ||   169

Table legend: (Time is in decaauts)
 A = Elapsed time spent in this place.
 B = Non-inter-level travel time spent in this place.
 C = Inter-level travel time spent in this place.
 D = Time resting spent in this place.
 E = Time spent auto-exploring this place.
 F = Levels seen in this place.
 G = Mean time per level.
                   A        B        C        D        E       F      G
               +--------+--------+--------+--------+--------+-----+--------+
         Total |   6930 |   6760 |    170 |    491 |   5477 |   6 | 1155.0 |
       Dungeon |   6930 |   6760 |    170 |    491 |   5477 |   6 | 1155.0 |
               +--------+--------+--------+--------+--------+-----+--------+

Top non-repeatable levels by time:
     D:4: 1724 daAuts
     D:5: 1707 daAuts
     D:2: 1228 daAuts
     D:3: 1184 daAuts
     D:1: 947 daAuts
     D:6: 138 daAuts
